 Dungeon Crawl Stone Soup version 0.28.0-62-gf88900778d (webtiles) character file.

Game seed: 4941731792774745853

20534 cbfl8 the Unseen (level 13, 0/68 HPs)
             Began as a Kobold Brigand on Apr 12, 2024.
             Was an Elder of Hepliaklqana.
             Slain by a skeletal warrior
             ... wielding a +0 flail
             ... led by a skeletal warrior
              (14 damage)
             ... on level 13 of the Dungeon.
             The game lasted 00:34:54 (18458 turns).

cbfl8 the Unseen (Kobold Brigand)                  Turns: 18458, Time: 00:34:54

Health: 0/68       AC: 12    Str: 10    XL:     13   Next: 13%
Magic:  13/13      EV: 20    Int: 14    God:    Hepliaklqana [****..]
Gold:   257        SH:  0    Dex: 18    Spells: 12/12 levels left

rFire   . . .      SeeInvis .   n - +8 dagger of Essi {holy, rPois rC+ Will+ Stlth+}
rCold   + . .      Faith    +   (no shield)
rNeg    + . .      Spirit   .   i - +3 leather armour {rPois}
rPois   +          Reflect  .   C - +2 helmet
rElec   .          Harm     .   c - +0 cloak
rCorr   +          Rampage  .   M - +0 pair of gloves
Will    +....                   u - +0 pair of boots
Stlth   +++++++++.              G - amulet of faith
HPRegen 0.21/turn               j - ring of resist corrosion
MPRegen 0.13/turn               m - ring of positive energy

@: about to teleport
A: reduced essence, small, no large weapons, nightstalker 3
a: Renounce Religion, Recall Ancestor, Ancestor Identity, Transference, Idealise


You were on level 13 of the Dungeon.
You worshipped Hepliaklqana.
Hepliaklqana was greatly pleased with you.
You visited 2 branches of the dungeon, and saw 14 of its levels.

You collected 604 gold pieces.
You spent 347 gold pieces at shops.

Inventory:

Hand Weapons
 n - the +8 dagger of Essi (weapon) {holy, rPois rC+ Will+ Stlth+}
   (You found it on level 4 of the Dungeon)

   It has been blessed by the Shining One to cause great damage to the undead
   and demons.
   rC:        It protects you from cold.
   rPois:     It protects you from poison.
   Will:      It increases your willpower.
   Stlth:     It makes you more stealthy.
 y - a +0 dagger of speed
 B - a +0 rapier of speed
Missiles
 d - 10 poisoned darts
 e - 8 curare-tipped darts (quivered)
 p - 7 atropa-tipped darts
 t - a throwing net
Armour
 c - a +0 cloak (worn)
 i - a +3 leather armour of poison resistance (worn)
 u - a +0 pair of boots (worn)
 C - a +2 helmet (worn)
 M - a +0 pair of gloves (worn)
Jewellery
 j - a ring of resist corrosion (left hand)
 m - a ring of positive energy (right hand)
 G - an amulet of faith (around neck)
Wands
 a - a wand of polymorph (12)
 g - a wand of digging (3)
 h - a wand of mindburst (4)
 o - a wand of flame (26)
 F - a wand of iceblast (6)
Scrolls
 s - a scroll of noise
 v - a scroll of magic mapping {unknown}
 x - 3 scrolls of immolation
 H - a scroll of enchant armour {unknown}
 K - a scroll of amnesia {unknown}
 N - a scroll of torment {unknown}
Potions
 b - 3 potions of mutation {unknown}
 l - a potion of invisibility {unknown}
 q - 2 potions of haste
 r - 3 potions of ambrosia {unknown}
 w - a potion of cancellation {unknown}
 z - a potion of berserk rage
 A - 2 potions of magic {unknown}
 D - 3 potions of lignification {unknown}
 J - a potion of flight {unknown}
 L - a potion of resistance {unknown}


   Skills:
 + Level 7.4 Fighting
 - Level 10.0 Short Blades
 + Level 2.4 Throwing
 - Level 3.2 Armour
 + Level 9.6 Dodging
 * Level 19.7 Stealth
 + Level 0.4 Unarmed Combat
 * Level 9.8 Evocations


You had 12 spell levels left.
You didn't know any spells.
Your spell library contained the following spells:

 Spells                   Type           Power      Damage    Failure   Level
 Animate Skeleton         Necr           0%         N/A       36%         1
 Apportation              Tloc           0%         N/A       36%         1
 Freeze                   Ice            0%         1d3       36%         1
 Sting                    Tmut/Pois      0%         1d3       36%         1
 Summon Small Mammal      Summ           0%         N/A       36%         1
 Poisonous Vapours        Pois/Air       0%         N/A       50%         2
 Sublimation of Blood     Necr           0%         N/A       50%         2
 Wereblood                Tmut           0%         N/A       50%         2
 Call Canine Familiar     Summ           0%         N/A       75%         3
 Frozen Ramparts          Ice            0%         1d2       75%         3
 Ignite Poison            Fire/Tmut/Pois 0%         N/A       75%         3
 Mephitic Cloud           Conj/Pois/Air  0%         N/A       75%         3
 Ozocubu's Armour         Ice            0%         N/A       75%         3
 Portal Projectile        Hex/Tloc       0%         N/A       75%         3
 Hailstorm                Conj/Ice       0%         3d3       98%         4
 Leda's Liquefaction      Hex/Erth       0%         N/A       98%         4
 Olgreb's Toxic Radiance  Pois           0%         N/A       98%         4
 Freezing Cloud           Conj/Ice/Air   0%         6-21      100%        5
 Metabolic Englaciation   Hex/Ice        0%         N/A       100%        5
 Simulacrum               Ice/Necr       0%         N/A       100%        6
 Summon Hydra             Summ           0%         N/A       100%        7


Dungeon Overview and Level Annotations

Branches:
Dungeon (13/15)            Temple (1/1) D:6            Lair (0/6) D:9
    Orc (0/2) D:10
 Vaults: D:13-14

Altars:
Ashenzari
Elyvilon
Hepliaklqana
Nemelex Xobeh
Okawaru
Qazlal
Ru
Sif Muna
Trog
Yredelemnul
Zin

Shops:
D:7 (*!=   D:9 *


Innate Abilities, Weirdness & Mutations

Your life essence is reduced to manifest your ancestor. (-10% HP)
You are small and have problems with some larger weapons.
You are completely attuned to the shadows.


Message History

The troll is almost dead.
The troll barely misses you. x2; The troll claws you!
You hit the troll.
The troll is almost dead.
Valentine hits the troll with a +0 flail!
The troll dies!
No target in view!
You start resting.
A skeletal warrior comes into view. It is wielding a +0 flail.
You swap places.
The skeletal warrior hits you with a +0 flail!!
You hit the skeletal warrior but do no damage.
The skeletal warrior hits you with a +0 flail!
You hit the skeletal warrior.
The skeletal warrior convulses.
The skeletal warrior is lightly damaged.
You closely miss the skeletal warrior.
The skeletal warrior is lightly damaged.
The skeletal warrior hits you with a +0 flail.
* * * LOW HITPOINT WARNING * * *
Unknown command.
You hit the skeletal warrior.
The skeletal warrior convulses.
The skeletal warrior is lightly damaged.
Valentine completely misses the skeletal warrior.
You barely miss the skeletal warrior.
The skeletal warrior is lightly damaged.
The skeletal warrior hits you with a +0 flail!
* * * LOW HITPOINT WARNING * * *
Unknown command.
Valentine hits the skeletal warrior but does no damage.
Valentine hits the skeletal warrior but does no damage.
Valentine closely misses the skeletal warrior.
Okay, then.
Okay, then.
You feel better.
The skeletal warrior completely misses you.
As you read the scroll of teleportation, it crumbles to dust.
You feel strangely unstable.
Valentine closely misses the skeletal warrior.
The skeletal warrior hits you with a +0 flail!
You die...

##### #...# #...###
#....... #.<....
#......#### #.....#
#.#.......... #.....#
#.#...†.....# #.....#
#...........#
####.....#####...........#
#........@zR.......##.####
#.############.....##.#
#.# #.....##.# #.#
########.# #.# #.#
#.########## #.#
#..........##########.#
########..............##
#.#.#######.##..#


You could see the friendly Valentine the knight and a skeletal warrior (ally
target).

Vanquished Creatures
  An ogre mage (D:11)
  A boulder beetle (D:12)
  6 two-headed ogres
  Erica (D:11)
  Pikel (D:7)
  A deep elf zephyrmancer (D:9)
  2 manticores (D:11)
  An elephant (D:9)
  A gargoyle (D:6)
  A centaur zombie (D:10)
  An unseen horror (D:10)
  A kobold demonologist (D:11)
  A komodo dragon (D:12)
  A tengu conjurer (D:9)
  3 trolls
  Grinder (D:6)
  A wyvern (D:9)
  6 yaks
  2 wraiths
  A basilisk (D:9)
  A steam dragon (D:8)
  7 vampire mosquitoes
  A warg (D:11)
  Duvessa (D:6)
  2 acid dragons (D:12)
  A hornet zombie (D:7)
  An orc warrior (D:11)
  A black bear (D:5)
  An ice beast (D:5)
  2 sky beasts
  4 ogres
  A necrophage (D:8)
  2 lemures (D:7)
  2 gnoll sergeants
  A kobold brigand (D:8)
  Blork the orc (D:6)
  3 bullfrogs
  A scorpion (D:6)
  Dowan (D:6)
  4 water moccasin skeletons
  8 killer bees
  5 wights (D:9)
  3 howler monkeys (D:8)
  2 jellies
  A centaur skeleton (D:7)
  A gnoll shaman (D:9)
  3 orc priests
  2 hounds (D:4)
  A bullfrog skeleton (D:6)
  7 orc wizards
  2 iguanas
  A killer bee zombie (D:6)
  A howler monkey zombie (D:7)
  7 gnolls
  5 adders
  A white imp (D:4)
  3 ufetubi
  A worm (D:4)
  4 dart slugs
  19 orcs
  7 endoplasms
  2 giant cockroaches
  5 goblins
  4 hobgoblins
  A quokka (D:2)
  3 ball pythons (D:1)
  7 bats
  3 frilled lizards
  8 kobolds
  7 rats
196 creatures vanquished.

Vanquished Creatures (collateral kills)
  A two-headed ogre (D:11)
  A deep elf pyromancer (D:13)
  3 gargoyles
  2 unseen horrors
  Psyche (D:8)
  A kobold demonologist (D:11)
  3 trolls
  A basilisk (D:12)
  A warg (D:10)
  2 orc warriors
  A black bear (D:9)
  2 ogres (D:11)
  A wyvern zombie (D:8)
  2 killer bees (D:9)
  3 wights (D:9)
  A howler monkey (D:8)
  3 orc priests
  3 orc wizards
  2 gnolls (D:8)
  6 orcs
  3 kobolds (D:8)
43 creatures vanquished.

Vanquished Creatures (others)
  A knight (D:13)
  4 ancestors
  A plant (D:9)
6 creatures vanquished.

Grand Total: 245 creatures vanquished

Notes
Turn   | Place    | Note
-------+----------+-------------------------------------------
     0 | D:1      | cbfl8 the Kobold Brigand began the quest for the Orb.
     0 | D:1      | Reached XP level 1. HP: 12/12 MP: 1/1
    79 | D:1      | Reached XP level 2. HP: 12/17 MP: 2/2
   440 | D:1      | Reached skill level 1 in Evocations
   495 | D:1      | Reached skill level 6 in Stealth
   495 | D:1      | Reached XP level 3. HP: 21/21 MP: 3/3
   523 | D:1      | Found a faded altar of an unknown god.
  1253 | D:2      | Reached XP level 4. HP: 26/26 MP: 4/4
  1588 | D:3      | Reached XP level 5. HP: 30/30 MP: 5/5
  1594 | D:3      | Reached skill level 7 in Stealth
  2385 | D:4      | Reached XP level 6. HP: 35/35 MP: 6/6
  3007 | D:4      | Identified the +8 dagger of Essi {holy, rPois rC+ Will+
                  | Stlth+}
  3184 | D:4      | Reached skill level 1 in Armour
  3184 | D:4      | Reached skill level 8 in Stealth
  3582 | D:5      | Entered Level 5 of the Dungeon
  3591 | D:5      | Noticed a sky beast
  3658 | D:5      | Reached XP level 7. HP: 40/40 MP: 7/7
  4322 | D:5      | Reached skill level 9 in Stealth
  4612 | D:5      | Reached skill level 5 in Short Blades
  4612 | D:5      | Reached XP level 8. HP: 45/45 MP: 8/8
  4910 | D:5      | Reached skill level 10 in Stealth
  5053 | D:6      | Noticed Blork the orc
  5068 | D:6      | Killed Blork the orc
  5123 | D:6      | Noticed Grinder
  5172 | D:6      | Noticed Duvessa
  5176 | D:6      | Noticed Dowan
  5360 | D:6      | Found a staircase to the Ecumenical Temple.
  5361 | D:6      | Noticed a gargoyle
  5369 | Temple   | Entered the Ecumenical Temple
  5380 | Temple   | Became a worshipper of Hepliaklqana the Forgotten
  5411 | D:6      | Killed Grinder
  5412 | D:6      | Reached XP level 9. HP: 47/50 MP: 9/9
  5777 | D:6      | Reached skill level 11 in Stealth
  5842 | D:6      | Killed a gargoyle
  5843 | D:6      | Reached skill level 5 in Evocations
  6178 | D:6      | Killed Duvessa
  6182 | D:6      | Killed Dowan
  6377 | D:7      | Noticed Pikel
  6383 | D:7      | Killed Pikel
  6384 | D:7      | Reached skill level 5 in Dodging
  6384 | D:7      | Reached skill level 12 in Stealth
  6491 | D:7      | Found Beofut's General Store.
  6497 | D:7      | Bought a scroll of identify for 20 gold pieces
  6569 | D:7      | Found Wuvun's Jewellery Shoppe.
  6600 | D:7      | Reached XP level 10. HP: 57/57 MP: 10/10
  7004 | D:7      | Found Cavum's Distillery.
  7008 | D:7      | Bought a potion of might for 60 gold pieces
  7008 | D:7      | Bought a potion of heal wounds for 75 gold pieces
  7078 | D:7      | Found Zaciran's Weapon Shoppe.
  7877 | D:8      | Reached skill level 13 in Stealth
  8039 | D:8      | Reached * piety under Hepliaklqana
  8943 | D:8      | Found a broken altar of Ashenzari.
  9483 | D:8      | Noticed Psyche
  9494 | D:8      | Noticed a two-headed ogre
  9703 | D:8      | Killed Psyche
  9877 | D:8      | Killed a two-headed ogre
  9878 | D:8      | Reached skill level 5 in Fighting
  9878 | D:8      | Reached skill level 14 in Stealth
 10487 | D:9      | Reached XP level 11. HP: 57/57 MP: 11/11
 10872 | D:9      | Reached skill level 10 in Short Blades
 11011 | D:9      | Found a staircase to the Lair.
 11216 | D:9      | Noticed an elephant
 11221 | D:9      | Killed an elephant
 11288 | D:9      | Noticed a deep elf zephyrmancer
 11291 | D:9      | Killed a deep elf zephyrmancer
 11292 | D:9      | Reached skill level 15 in Stealth
 11424 | D:9      | Found Vuasch's Assorted Antiques.
 11432 | D:9      | Bought a scroll of identify for 64 gold pieces
 11484 | D:9      | Bought 2 scrolls labelled JAGRAH RUKIFRUTUS for 64 gold
                  | pieces
 11484 | D:9      | Bought a scroll labelled MAUNET JURREB for 32 gold pieces
 11484 | D:9      | Bought a scroll labelled SESHRE ASCHACOQU for 32 gold
                  | pieces
 11532 | D:10     | Entered Level 10 of the Dungeon
 12127 | D:10     | Reached ** piety under Hepliaklqana
 12128 | D:10     | Remembered your ancestor Valentine as a knight
 12319 | D:11     | Noticed a manticore
 12334 | D:11     | Killed a manticore
 12827 | D:10     | Reached skill level 16 in Stealth
 12953 | D:10     | Found a staircase to the Orcish Mines.
 13472 | D:10     | Noticed a two-headed ogre
 13480 | D:10     | Killed a two-headed ogre
 13481 | D:10     | Reached XP level 12. HP: 15/63 MP: 12/12
 14107 | D:11     | Noticed Erica
 14110 | D:11     | Killed Erica
 14328 | D:10     | Reached skill level 17 in Stealth
 15191 | D:11     | Reached *** piety under Hepliaklqana
 15252 | D:11     | Noticed a two-headed ogre
 15312 | D:11     | Killed a two-headed ogre
 16055 | D:11     | Noticed a two-headed ogre
 16057 | D:11     | Noticed an ogre mage
 16057 | D:11     | Noticed a two-headed ogre
 16059 | D:11     | Killed a two-headed ogre
 16060 | D:11     | Reached skill level 18 in Stealth
 16060 | D:11     | Noticed a two-headed ogre
 16062 | D:11     | Killed an ogre mage
 16064 | D:11     | Killed a two-headed ogre
 16073 | D:11     | Killed a two-headed ogre
 16794 | D:12     | Noticed a two-headed ogre
 16807 | D:12     | Killed a two-headed ogre
 16955 | D:12     | Reached **** piety under Hepliaklqana
 17016 | D:12     | Noticed a boulder beetle
 17032 | D:12     | HP: 1/64 [boulder beetle (13)]
 17034 | D:12     | Reached skill level 19 in Stealth
 17039 | D:12     | Killed a boulder beetle
 17040 | D:12     | Reached XP level 13. HP: 32/68 MP: 13/13
 18451 | D:13     | HP: 2/68 [skeletal warrior/+0 flail[a skeletal warrior]
                  | (16)]
 18458 | D:13     | Slain by a skeletal warrior

Illustrated notes

Levels and vault maps discovered:
D:1:      psy_arrival_basics, layout_rooms, shapermc_ecumenical_altar_pompeii
D:2:      layout_basic, minmay_tripent
D:3:      layout_loops_ring
D:4:      layout_loops_corners
D:5:      layout_gridville, minmay_fractal_squares_gapless_5
D:6:      layout_cave_pools, minmay_temple_entry_glass, hangedman_decor_growths,
          amethyst_killhole, uniq_blork_the_orc, uniq_duvessa, uniq_grinder
D:7:      layout_gridville, serial_shops, shop, shop, nicolae_shop_trees,
          nicolae_square_shop, uniq_pikel
D:8:      layout_basic, cheibrodos_ashenzari_chains, uniq_psyche
D:9:      nicolae_cairo_tiling_large_dashed, layout_rooms, david_lair_generic,
          serial_shops, shop, guppyfry_early_elven_hall
D:10:     layout_gridville, erik_orc_4
D:11:     layout_basic, uniq_erica
D:12:     layout_long_grid
D:13:     minmay_the_grid_4x2 [minmay_the_grid_minigrid_large,
          minmay_the_grid_pillar_ring, minmay_the_grid_dragon_b,
          minmay_the_grid_odd_star, minmay_the_grid_minigrid_small_alt,
          minmay_the_grid_stretched_grid, minmay_the_grid_diamond_grid,
          minmay_the_grid_prize_diamond_cup], layout_basic, grunt_ministairs_14,
          kennysheep_generic_room_8
Temple:   dpeg_three_leaves_temple

Skill      XL: |  1  2  3  4  5  6  7  8  9 10 11 12 |
---------------+-------------------------------------+-----
Evocations     | 1 2 3 4 5 6 8 9 |  9.8
Stealth        | 6 7 8 9 10 12 14 16 19 | 19.7
Short Blades   | 3 4 5 7 9 10 | 10.0
Dodging        | 2 3 4 5 6 8 9 |  9.6
Armour         | 1 2 3 |  3.2
Fighting       | 3 4 5 6 7 |  7.4
Throwing       | |  2.4
Unarmed Combat | |  0.4

Action                   |  1- 3 |  4- 6 |  7- 9 | 10-12 | 13-15 || total
-------------------------+-------+-------+-------+-------+-------++-------
Melee: Dagger            |    79 |    98 |   123 |   413 |    45 ||   758
       Punch             |       |     3 |     2 |    13 |       ||    18
       Rapier            |       |       |     7 |   254 |       ||   261
       Unarmed           |       |       |       |     7 |       ||     7
Throw: Dart              |       |     2 |     3 |     4 |       ||     9
Invok: Ancestor Identity |       |       |       |     1 |       ||     1
       Recall Ancestor   |       |       |       |     1 |       ||     1
       Ancestor Life: Kn |       |       |       |     1 |       ||     1
Evoke: Wand              |       |       |       |    16 |       ||    16
  Use: Scroll            |     1 |     1 |     6 |     9 |     1 ||    18
       Potion            |       |       |     2 |     6 |     1 ||     9
 Stab: Sleeping          |    21 |    17 |    17 |    26 |     1 ||    82
       Distracted        |       |       |       |     9 |       ||     9
       Paralysed         |       |       |       |     6 |       ||     6
Armor: Robe              |    11 |       |       |       |       ||    11
       Leather armour    |     3 |    15 |    27 |   129 |    15 ||   189
Dodge: Dodged            |    37 |    40 |    89 |   347 |    66 ||   579
